 Dungeon Crawl Stone Soup version 0.18-a0-1577-gf591c28 (webtiles) character file.

29 namelastname112 the Insei (level 3, -1/31 HPs)
             Began as a Draconian Monk on Mar 22, 2016.
             Slain by a gnoll
             ... wielding a +0 club
              (5 damage)
             ... on level 1 of the Dungeon.
             The game lasted 00:01:14 (692 turns).

namelastname112 the Insei (Draconian Monk)           Turns: 692, Time: 00:01:14

Health: -1/31      AC:  6    Str: 13    XL:     3   Next: 1%
Magic:  3/3        EV: 13    Int: 10    God:
Gold:   105        SH:  0    Dex: 14    Spells: 0 memorised, 2 levels left

rFire  . . .     SeeInvis .       - Unarmed
rCold  . . .     Gourm    .     (armour unavailable)
rNeg   + . .     Faith    .     (no shield)
rPois  .         Spirit   .     (helmet restricted)
rElec  .         Dismiss  .     (no cloak)
rCorr  .         Reflect  .     i - +0 pair of gloves
SustAt .         Harm     .     (no boots)
MR     .....                    (no amulet)
Stlth  ++........               (no ring)
                                k - ring of positive energy

@: not resistant to hostile enchantments, unstealthy
A: unfitting armour, cold-blooded, AC +5
a: no special abilities


You were on level 1 of the Dungeon.
You were not hungry.

You visited 1 branch of the dungeon, and saw 2 of its levels.

You collected 105 gold pieces.

Inventory:

Armour
 i - a +0 pair of gloves (worn)
Jewellery
 k - a ring of positive energy (left hand)
Scrolls
 h - 3 scrolls of remove curse {unknown}
 j - a scroll of enchant weapon {unknown}
Potions
 b - a potion of mutation {unknown}
 d - a potion of degeneration {unknown}
 e - a potion of brilliance {unknown}
Comestibles
 a - 2 bread rations
 c - 2 meat rations
 f - 4 fruits
 g - 2 beef jerkies


   Skills:
 - Level 3.2 Fighting
 - Level 2.6 Dodging
 - Level 1.7 Stealth
 + Level 5.0 Unarmed Combat


You had 2 spell levels left.
You didn't know any spells.

Dungeon Overview and Level Annotations

Branches:
Dungeon (2/15)

Altars:


Innate Abilities, Weirdness & Mutations

Your plain brown scales are hard (AC +5).
Your body does not fit into most forms of armour.
You are cold-blooded and may be slowed by cold attacks.


Message History

The bat hits you but does no damage.
There is an escape hatch in the ceiling here.
The bat closely misses you. The gnoll hits you but does no damage.
A mysterious force pulls you upwards. The hatch slams shut behind you.
You barely miss the gnoll.
The gnoll is severely wounded.
The gnoll hits you but does no damage.
You hit the gnoll.
The gnoll is severely wounded.
You barely miss the gnoll.
The gnoll is severely wounded.
The gnoll hits you with a club!
* * * LOW HITPOINT WARNING * * *
You barely miss the gnoll.
The gnoll is severely wounded.
The gnoll barely misses you.
You hit the gnoll.
The gnoll is severely wounded.
The gnoll hits you with a club.
You die...

................>##.........#
..........####.#.##.........#####
.................................
..........####...################
.........## ##..# .........# #..#
.........# #..# .........# ##.#
.........# #@# ........## #g#
####)รท..# #.## #....########..#
#....##.....#..######
##....##.............#
#....[##.....K.......#
#.###.##.............# #.#
#.##...(.........#


You could see a gnoll and a kobold (wandering).

Vanquished Creatures
  3 giant geckos (D:1)
  A giant cockroach (D:1)
  6 goblins
  3 hobgoblins (D:1)
  2 jackals (D:2)
  4 kobolds
  3 bats
  A giant newt (D:1)
23 creatures vanquished.

Notes
Turn   | Place    | Note
--------------------------------------------------------------
     0 | D:1      | namelastname112 the Draconian Monk began the quest for the Orb.
     0 | D:1      | Reached XP level 1. HP: 19/19 MP: 1/1
     2 | D:1      | Noticed an ogre
     2 | D:1      | Noticed a ghoul
     4 | D:1      | Noticed a troll
     4 | D:1      | Noticed a formicid
     6 | D:1      | Noticed a naga
     6 | D:1      | Noticed a demigod
     8 | D:1      | Noticed a felid
     8 | D:1      | Noticed a minotaur
    10 | D:1      | Noticed a vine stalker
    12 | D:1      | Noticed a human
    14 | D:1      | Noticed a dwarf
    14 | D:1      | Noticed a draconian
    16 | D:1      | Noticed a halfling
    16 | D:1      | Noticed a gargoyle
    18 | D:1      | Noticed a merfolk
    20 | D:1      | Noticed a spriggan
    20 | D:1      | Noticed a centaur
    22 | D:1      | Noticed a vampire
    22 | D:1      | Noticed a tengu
    24 | D:1      | Noticed an elf
    24 | D:1      | Noticed an octopode
    27 | D:1      | Noticed a demonspawn
   189 | D:1      | Reached XP level 2. HP: 17/26 MP: 2/2
   639 | D:2      | Reached skill level 5 in Unarmed Combat
   639 | D:2      | Reached XP level 3. HP: 29/31 MP: 3/3
   692 | D:1      | Slain by a gnoll

Vault maps used:
D:1:      kb_arrival_jail
D:2:      marbit_many_paths

Skill      XL: |  1  2 |
---------------+-------+-----
Unarmed Combat | 5 |  5.0
Fighting       | |  3.2
Dodging        | |  2.6
Stealth        | |  1.7

Action                   || total
-------------------------++-------
Melee: Unarmed           ||    69
 Stab: Sleeping          ||     3
